[Event "Titled Tuesday Blitz June 13 Early 2023"]
[White "Kramnik, Vladimir"]
[Black "Nihal Sarin"]
[WhiteFideId "4101588"]
[BlackFideId "25092340"]
[WhiteElo "2703"]
[BlackElo "2689"]
[Result "1-0"]
[Round "6"]
[TimeControl "180+2"]
[Date "2023.06.13"]
[WhiteClock "0:00:06"]
[BlackClock "0:00:02"]
[Board "5"]

1. e4 g6 2. d4 Bg7 3. Nf3 d6 4. Be2 Nf6 5. Nc3 O-O 6. O-O Nc6 7. d5 Nb8 8. h3 c6 9. a4 a5 10. Bg5 Na6 11. Re1 Nd7 12. Qd2 Nb4 13. Bf1 Re8 14. Rad1 Qb6 15. Be3 Nc5 16. Bd4 Bxd4 17. Nxd4 Bd7 18. Qh6 e5 19. dxe6 Nxe6 20. Nf5 Nxc2 21. Rxd6 gxf5 22. exf5 Nxe1 23. Ne4 Kh8 24. Rxd7 Nf3+ 25. Kh1 Qxb2 26. Nf6 Neg5 27. Rxf7 Qxf6 28. Qxf6+ Kg8 29. Qg7# 1-0


[Site "https://www.chess.com"]

[Event "Titled Tuesday Blitz June 13 Early 2023"]
[White "Nakamura, Hikaru"]
[Black "Keymer, Vincent"]
[WhiteFideId "2016192"]
[BlackFideId "12940690"]
[WhiteElo "2874"]
[BlackElo "2669"]
[Result "1/2-1/2"]
[Round "6"]
[TimeControl "180+2"]
[Date "2023.06.13"]
[WhiteClock "0:00:09"]
[BlackClock "0:00:04"]
[Board "6"]

1. Nf3 d5 2. b3 Bg4 3. e3 e6 4. Bb2 Nf6 5. d3 h6 6. Be2 Nbd7 7. Nbd2 Bd6 8. O-O O-O 9. e4 dxe4 10. dxe4 e5 11. Nh4 Be6 12. Nf5 Bb4 13. c3 Bc5 14. Qc2 a5 15. a3 Re8 16. b4 Bf8 17. Ne3 c6 18. Rad1 Qc7 19. Bc4 axb4 20. cxb4 b5 21. Bxb5 c5 22. Nb3 Rec8 23. Nd5 Bxd5 24. exd5 cxb4 25. Qxc7 Rxc7 26. a4 Rc2 27. Ba1 Nc5 28. Nxc5 Bxc5 29. Bxe5 Rd8 30. d6 Ne4 31. Bd3 Nxf2 32. Bxc2 Nxd1+ 33. Kh1 Ne3 34. Rc1 Bxd6 35. Bxd6 Rxd6 36. Bb3 Nf5 37. h3 Rd8 38. Rc7 Nd4 39. Bxf7+ Kh7 40. Bc4 b3 41. Rb7 Ra8 42. Rb4 Kh8 43. Bd3 Nc6 44. Rxb3 Rxa4 45. Rc3 Ra1+ 46. Kh2 Ne7 47. Rc7 Re1 48. Kg3 Re3+ 49. Kf2 Rxd3 50. Rxe7 Rd6 1/2-1/2


[Site "https://www.chess.com"]

[Event "Titled Tuesday Blitz June 13 Early 2023"]
[White "Swiercz, Dariusz"]
[Black "Paravyan, David"]
[WhiteFideId "1126881"]
[BlackFideId "4194985"]
[WhiteElo "2620"]
[BlackElo "2563"]
[Result "0-1"]
[Round "6"]
[TimeControl "180+2"]
[Date "2023.06.13"]
[WhiteClock "0:00:08"]
[BlackClock "0:00:06"]
[Board "7"]

1. d4 Nf6 2. Nf3 g6 3. Nbd2 d5 4. e3 Bg7 5. b4 a5 6. b5 c5 7. bxc6 Nxc6 8. Bb5 O-O 9. O-O Bf5 10. Bb2 a4 11. Ba3 Na7 12. Be2 Rc8 13. Rc1 b5 14. Bc5 Qc7 15. Bxa7 Qxa7 16. Bxb5 Rc3 17. Nb1 Ne4 18. Nfd2 Rc7 19. Nxe4 Bxe4 20. Bd3 Bxd3 21. cxd3 Rfc8 22. Rxc7 Rxc7 23. Na3 Qa6 24. Qb1 e6 25. Qb5 Qxb5 26. Nxb5 Rc2 27. a3 Bf8 28. Rb1 Rd2 29. g3 Rxd3 30. Kg2 Rb3 31. Rxb3 axb3 32. Nc3 Bxa3 33. Kf3 Bb4 34. Nb1 Kg7 35. Ke2 Kf6 36. Kd3 Kf5 37. f3 h5 38. Nd2 Bxd2 39. Kxd2 g5 40. h3 g4 41. fxg4+ hxg4 42. h4 e5 43. Kc3 exd4+ 44. exd4 Ke4 45. Kxb3 Kxd4 46. Kc2 Ke4 47. Kd2 d4 48. Ke2 f5 49. Kf2 f4 50. h5 fxg3+ 51. Kxg3 d3 52. h6 d2 53. h7 d1=Q 54. h8=Q Qg1+ 55. Kh4 Qh2+ 56. Kg5 Qxh8 57. Kg6 g3 58. Kf7 g2 59. Ke6 Qg7 60. Kd6 Kf5 61. Kc6 Qe7 62. Kb6 Ke6 63. Ka6 Qb4 64. Ka7 g1=Q+ 65. Ka8 Qa1# 0-1


[Site "https://www.chess.com"]

[Event "Titled Tuesday Blitz June 13 Early 2023"]
[White "Terry, Renato"]
[Black "Pranesh M"]
[WhiteFideId "3803457"]
[BlackFideId "35028600"]
[WhiteElo "2575"]
[BlackElo "2437"]
[Result "1-0"]
[Round "6"]
[TimeControl "180+2"]
[Date "2023.06.13"]
[WhiteClock "0:00:06"]
[BlackClock "0:00:05"]
[Board "8"]

1. d4 d5 2. Nf3 Nf6 3. c4 e6 4. e3 Nbd7 5. b3 c5 6. Bd3 cxd4 7. exd4 b6 8. O-O Bb7 9. Bb2 Bd6 10. Nbd2 O-O 11. Re1 Rc8 12. Qe2 Nh5 13. g3 Nhf6 14. Ne5 dxc4 15. bxc4 Qc7 16. Rad1 Ba8 17. a3 Qb7 18. f3 Rcd8 19. Ne4 Nxe4 20. Bxe4 Qc8 21. Nxd7 Rxd7 22. Bxa8 Qxa8 23. Kg2 Rfd8 24. d5 exd5 25. Rxd5 Re7 26. Qd1 Rxe1 27. Qxe1 Bf8 28. Qd2 Re8 29. Qd3 Qc6 30. g4 h6 31. Re5 Rc8 32. Re4 b5 33. Qe3 bxc4 34. Bc3 a6 35. g5 h5 36. Qd4 Qc7 37. h4 Rd8 38. Qxc4 Qb6 39. a4 Qg6 40. Qe2 Qc6 41. Qc4 Qg6 42. Qe2 Rc8 43. Qd3 Kh7 44. Re3 Qxd3 45. Rxd3 Rc4 46. a5 Ra4 47. Rd7 Ra3 48. Be1 Ra1 49. Bc3 Ra3 50. Be1 Ra1 51. Kf2 Bc5+ 52. Ke2 Kg6 53. Rc7 Bd4 54. Rc6+ f6 55. Rxa6 Kf5 56. gxf6 Bxf6 57. Ra8 g5 58. hxg5 Bxg5 59. a6 Ra2+ 60. Kf1 Be3 61. Bg3 h4 62. Bxh4 Kf4 63. Rf8+ Ke5 64. Bg3+ Kd4 65. Rd8+ Kc4 66. Rd6 Bc5 67. Rg6 Kb5 68. Be1 Rxa6 69. Rg5 Kc4 70. Kg2 Ra1 71. Bg3 Be3 72. Re5 Bd4 73. Re8 Kd3 74. Rd8 Ra2+ 75. Kh3 Ke3 76. Kg4 Bf6 77. Rd6 Ra4+ 78. f4 Bc3 79. Re6+ Kd3 80. Kf3 Ra5 81. Rd6+ Kc4 82. Ke4 Bb4 83. Rc6+ Kb5 84. Rc8 Ra1 85. f5 Rf1 86. Bf4 Re1+ 87. Kf3 Rf1+ 88. Kg4 Rg1+ 89. Kh3 Rf1 90. Kg3 Be1+ 91. Kg4 Rg1+ 92. Kf3 Rf1+ 93. Ke4 Bh4 94. Bd2 Rf2 95. Be3 Rf1 96. Rh8 Be7 97. Rh7 Bd8 98. Rd7 Bh4 99. Rh7 Bd8 100. Rh5 Kc6 101. Bd4 Kd7 102. Rh7+ Ke8 103. Ke5 Re1+ 104. Kd5 Be7 105. Rh8+ Kf7 106. Rh7+ Kf8 107. Be5 Ba3 108. Ke6 Ke8 109. Rh8+ Bf8 110. f6 Rf1 111. Rg8 Rf3 112. Bd4 Rf1 113. Bc5 Re1+ 114. Kd5 Rd1+ 115. Ke4 Kf7 116. Rxf8+ Ke6 117. Be7 Ra1 118. Rb8 Kf7 119. Rb6 Ra5 120. Rc6 Rh5 121. Kf4 Ra5 122. Bd8 Kg6 123. Bxa5 1-0


[Site "https://www.chess.com"]

[Event "Titled Tuesday Blitz June 13 Early 2023"]
[White "Fedoseev, Vladimir"]
[Black "Yeletsky, Ivan"]
[WhiteFideId "24130737"]
[BlackFideId "24180327"]
[WhiteElo "2743"]
[BlackElo "2380"]
[Result "1-0"]
[Round "6"]
[TimeControl "180+2"]
[Date "2023.06.13"]
[WhiteClock "0:01:21"]
[BlackClock "0:00:04"]
[Board "10"]

1. e4 e5 2. f4 d5 3. exd5 exf4 4. Nf3 Nf6 5. Bb5+ c6 6. dxc6 Nxc6 7. d4 Bd6 8. O-O O-O 9. c3 h6 10. Nbd2 g5 11. Bxc6 bxc6 12. Nc4 Bc7 13. Nfe5 Qd5 14. Bxf4 gxf4 15. Rxf4 Kg7 16. Qd3 Ng4 17. Qg3 h5 18. h3 f6 19. hxg4 h4 20. Qxh4 Ba6 21. Rxf6 Rxf6 22. Qg5+ Kh7 23. Qxf6 Rg8 24. Ne3 Qe4 25. Nf5 Bxe5 26. Qh6# 1-0


[Site "https://www.chess.com"]

[Event "Titled Tuesday Blitz June 13 Early 2023"]
[White "Timofeev, Artyom"]
[Black "Le, Tuan Minh"]
[WhiteFideId "4140419"]
[BlackFideId "12401153"]
[WhiteElo "2570"]
[BlackElo "2566"]
[Result "1/2-1/2"]
[Round "6"]
[TimeControl "180+2"]
[Date "2023.06.13"]
[WhiteClock "0:00:12"]
[BlackClock "0:00:07"]
[Board "11"]

1. c4 c6 2. Nf3 d5 3. e3 Nf6 4. Nc3 a6 5. Be2 Bf5 6. O-O e6 7. b3 h6 8. Bb2 Nbd7 9. d4 Bd6 10. Bd3 Bxd3 11. Qxd3 O-O 12. h3 a5 13. a3 Re8 14. Rfe1 Bf8 15. Rad1 Qb6 16. Qc2 Qa6 17. Nd2 b5 18. c5 e5 19. b4 axb4 20. axb4 Qc8 21. dxe5 Nxe5 22. Ne2 g6 23. Bxe5 Rxe5 24. Nd4 Bg7 25. Ra1 Ne4 26. N2f3 Re7 27. Qb2 Rxa1 28. Rxa1 Ng5 29. Nxg5 hxg5 30. Ra3 g4 31. Qa1 Re8 32. hxg4 Qxg4 33. Ra8 Qd7 34. Rxe8+ Qxe8 35. Qd1 Bf6 36. Qd3 Kg7 37. g3 Qd7 38. Kf1 Be5 39. Kg2 Qe8 40. Nf3 Bf6 41. Nd4 Qa8 42. Qd2 Qc8 43. Qd3 Qd7 44. Qd2 Qe8 45. Qd3 Bxd4 46. Qxd4+ f6 47. Kf3 g5 48. g4 Qe6 49. Ke2 Kg6 50. f3 f5 51. Qd3 Kf6 52. Qd4+ Qe5 53. Kd3 fxg4 54. fxg4 Ke6 55. Kd2 Qh2+ 56. Kc1 Qg1+ 57. Kc2 Qf2+ 58. Kb1 Qf1+ 59. Kc2 Qc4+ 60. Kd2 Qa2+ 61. Ke1 Qb1+ 62. Ke2 Qg1 63. Kd2 Qf1 64. Kc2 Qf3 65. Kd2 Qf1 66. Kc2 1/2-1/2


[Site "https://www.chess.com"]

[Event "Titled Tuesday Blitz June 13 Early 2023"]
[White "Kosakowski, Jakub"]
[Black "Sarana, Alexey"]
[WhiteFideId "1185080"]
[BlackFideId "24133795"]
[WhiteElo "2488"]
[BlackElo "2714"]
[Result "0-1"]
[Round "6"]
[TimeControl "180+2"]
[Date "2023.06.13"]
[WhiteClock "0:00:01"]
[BlackClock "0:00:30"]
[Board "12"]

1. e4 c5 2. Nf3 d6 3. d4 cxd4 4. Nxd4 Nf6 5. Nc3 a6 6. h4 e5 7. Nb3 Be7 8. Bg5 Nbd7 9. a4 b6 10. f3 Bb7 11. Qd2 Qc7 12. O-O-O O-O 13. Kb1 Bc6 14. g4 b5 15. a5 Rfc8 16. h5 b4 17. Na2 Nxe4 18. fxe4 Bxg5 19. Qxd6 Bxe4 20. Qxc7 Rxc7 21. Rh2 Bf4 22. Rf2 Nf6 23. Nxb4 Nxg4 24. Re2 Bf3 25. Nd5 Rca7 26. Nc5 Nf6 27. Nxf6+ gxf6 28. Rde1 Bxe2 29. Bxe2 f5 30. c3 Kg7 31. Rg1+ Kf6 32. Rf1 h6 33. b4 Kg5 34. Kc2 Be3 35. Nd3 e4 36. Ne5 Re7 37. Nc4 Bf4 38. Nb6 Rd8 39. Bxa6 e3 40. Kb3 Bg3 41. Rg1 f4 42. Bc4 e2 43. Bxe2 Rxe2 44. a6 Re6 0-1


[Site "https://www.chess.com"]

[Event "Titled Tuesday Blitz June 13 Early 2023"]
[White "Gharibyan, Mamikon"]
[Black "Duda, Jan-Krzysztof"]
[WhiteFideId "13308300"]
[BlackFideId "1170546"]
[WhiteElo "2445"]
[BlackElo "2783"]
[Result "1/2-1/2"]
[Round "6"]
[TimeControl "180+2"]
[Date "2023.06.13"]
[WhiteClock "0:00:05"]
[BlackClock "0:00:07"]
[Board "13"]

1. d4 Nf6 2. c4 c5 3. d5 b5 4. cxb5 a6 5. e3 g6 6. Nc3 Bg7 7. Nf3 O-O 8. a4 e6 9. dxe6 fxe6 10. Be2 d5 11. O-O Qe7 12. e4 d4 13. e5 Ng4 14. Bg5 Qc7 15. Ne4 Bb7 16. Qc2 Nd7 17. Bh4 axb5 18. axb5 Ngxe5 19. Bg3 Nxf3+ 20. Bxf3 Qb6 21. Nd6 Rxa1 22. Rxa1 Bxf3 23. gxf3 Ne5 24. Bxe5 Bxe5 25. Nc4 Qb8 26. h3 Rxf3 27. Qe4 Bh2+ 28. Kg2 Rf8 29. b6 Qf4 30. Qxf4 Bxf4 31. Kf3 Be3+ 32. Ke4 Bxf2 33. Ne5 Bg3 34. Nd7 Rf4+ 35. Kd3 Rf2 36. Ra2 Bd6 37. b7 Kg7 38. b8=Q Bxb8 39. Nxb8 Kf6 40. Nd7+ Kf5 41. Nxc5 e5 42. Ra8 Rxb2 43. Rf8+ Kg5 44. Re8 Rh2 45. Rxe5+ Kf6 46. Kxd4 Rxh3 47. Ne4+ Kg7 48. Re7+ Kh6 49. Rxh7+ Kxh7 50. Ng5+ Kh6 51. Nxh3 g5 52. Nxg5 1/2-1/2


[Site "https://www.chess.com"]

[Event "Titled Tuesday Blitz June 13 Early 2023"]
[White "Sadhwani, Raunak"]
[Black "Harutjunyan, Gevorg"]
[WhiteFideId "35093487"]
[BlackFideId "13300873"]
[WhiteElo "2631"]
[BlackElo "2474"]
[Result "1-0"]
[Round "6"]
[TimeControl "180+2"]
[Date "2023.06.13"]
[WhiteClock "0:00:05"]
[BlackClock "0:00:00"]
[Board "14"]

1. b4 e5 2. Bb2 Bxb4 3. Bxe5 Nf6 4. Nf3 O-O 5. g3 Re8 6. Bb2 b6 7. Bg2 Ba6 8. e3 Nc6 9. a3 Ba5 10. Nc3 Ng4 11. Ne2 Nxe3 12. fxe3 Rxe3 13. Ng1 Qe7 14. Kf1 Re6 15. d3 Re8 16. Bf3 Ne5 17. Bxe5 Rxe5 18. h4 Qf6 19. Kg2 Re3 20. Qf1 Qb2 21. Qc1 Qf6 22. Qf1 Qb2 23. Qd1 h5 24. Rh2 g6 25. Kh1 Rxf3 26. Nxf3 Bb7 27. Ng1 Re1 28. Qxe1 Bxe1 29. Rxe1 Qxa3 30. Rf2 Qd6 31. Kh2 a5 32. Ng5 Bd5 33. N1h3 Qc5 34. Ree2 Be6 35. Nxe6 fxe6 36. Rf6 a4 37. Rxg6+ Kf7 38. Rh6 Ke7 39. Nf4 a3 40. Rxh5 Qc3 41. Nd5+ 1-0


[Site "https://www.chess.com"]

[Event "Titled Tuesday Blitz June 13 Early 2023"]
[White "Lazavik, Denis"]
[Black "Beerdsen, Thomas"]
[WhiteFideId "13515110"]
[BlackFideId "1030108"]
[WhiteElo "2560"]
[BlackElo "2553"]
[Result "1-0"]
[Round "6"]
[TimeControl "180+2"]
[Date "2023.06.13"]
[WhiteClock "0:00:22"]
[BlackClock "0:00:22"]
[Board "15"]

1. d4 Nf6 2. c4 a6 3. Nc3 b5 4. cxb5 axb5 5. Nxb5 e5 6. dxe5 Ne4 7. Nc3 Bb4 8. Bd2 Nxd2 9. Qxd2 O-O 10. Nf3 Bb7 11. e3 Nc6 12. Be2 Re8 13. O-O Nxe5 14. Nxe5 Rxe5 15. f4 Re6 16. Bf3 Bc5 17. Rae1 Rb8 18. Bxb7 Rxb7 19. Kh1 Rh6 20. g3 Rbb6 21. Qg2 Rh5 22. Re2 Rbh6 23. Qf3 d5 24. Rd1 c6 25. e4 d4 26. e5 Qc8 27. Ne4 Ba7 28. Ng5 Qd7 29. b4 Qb7 30. a3 Qb5 31. e6 fxe6 32. Nxe6 Qa4 33. Rd3 Qb5 34. Ng5 c5 35. Qd5+ Kh8 36. Qd8+ Qe8 37. Rxe8# 1-0


[Site "https://www.chess.com"]

[Event "Titled Tuesday Blitz June 13 Early 2023"]
[White "Mekhitarian, Krikor Sevag"]
[Black "Deac, Bogdan-Daniel"]
[WhiteFideId "2107660"]
[BlackFideId "1226380"]
[WhiteElo "2604"]
[BlackElo "2644"]
[Result "1/2-1/2"]
[Round "6"]
[TimeControl "180+2"]
[Date "2023.06.13"]
[WhiteClock "0:00:06"]
[BlackClock "0:00:07"]
[Board "16"]

1. Nf3 b6 2. e4 Bb7 3. Nc3 Nf6 4. e5 Nd5 5. Bc4 Nxc3 6. dxc3 e6 7. Bf4 d5 8. Bd3 h6 9. Qe2 Nd7 10. h4 Nc5 11. h5 Qd7 12. O-O-O a6 13. Kb1 b5 14. g4 O-O-O 15. Rhg1 Kb8 16. Be3 Na4 17. Qe1 c5 18. Be2 Qc7 19. Bc1 d4 20. cxd4 c4 21. Be3 c3 22. b3 Nb6 23. Bc1 Nd5 24. Nh4 Qa5 25. Bf3 Nb4 26. a3 Nd5 27. Bxd5 Bxd5 28. Rg3 Rc8 29. Rdd3 b4 30. Ng2 bxa3 31. Ka2 Bb4 32. Nf4 Rhd8 33. Nxd5 Rxd5 34. Rgf3 Qc7 35. Qe4 a5 36. Rde3 a4 37. Qd3 axb3+ 38. cxb3 Qb7 39. Re4 c2 40. Ref4 Rd7 41. Qe4 Qa7 42. Qd3 Rc3 43. Qe2 Rxf3 44. Qxf3 Qc7 45. Qd3 Qb7 46. Qc4 Rc7 47. Qd3 Rc3 48. Qe4 Qxe4 49. Rxe4 Rf3 50. Re2 Rh3 51. Rxc2 Rf3 52. Be3 Rh3 53. Rc4 Be7 54. b4 Rh4 55. d5 exd5 56. Rd4 Rh2 57. Kxa3 Rh1 58. Rxd5 Kc8 59. Ra5 Ra1+ 60. Kb3 Rb1+ 61. Kc2 Rxb4 62. Ra7 Rb7 63. Rxb7 Kxb7 64. Kd3 Kc6 65. Ke4 Kd7 66. f4 Ke8 67. f5 Bh4 68. Bd4 Kf8 69. Kd5 Ke8 70. e6 f6 71. Bc5 Be1 72. Ke4 Bd2 73. Kd5 Bg5 74. Kc6 Bh4 75. Kd5 Bg5 76. Ke4 Bh4 77. Be3 Bg3 78. Bf4 Bh4 79. Kd5 Ke7 80. Bd6+ Ke8 81. e7 Bg5 82. Ke6 Bc1 83. Bc5 Bb2 84. Bd6 Bc3 85. Bf4 Bb4 86. Be3 Bxe7 87. Bd4 Ba3 88. Bc3 Bc1 89. Bd4 Bd2 90. Bb2 Bf4 91. Bc3 Be3 92. Bb2 Bc5 93. Bc3 Be7 94. Bd2 Bf8 95. Be3 Bb4 96. Bd4 Bd2 97. Bb2 Be3 98. Ba3 Bg5 99. Bd6 Bc1 100. Bc5 Bg5 101. Bd6 Bc1 102. Bc5 Bg5 103. Bd6 1/2-1/2


[Site "https://www.chess.com"]

[Event "Titled Tuesday Blitz June 13 Early 2023"]
[White "Wojtaszek, Radoslaw"]
[Black "Erigaisi Arjun"]
[WhiteFideId "1118358"]
[BlackFideId "35009192"]
[WhiteElo "2586"]
[BlackElo "2719"]
[Result "1-0"]
[Round "6"]
[TimeControl "180+2"]
[Date "2023.06.13"]
[WhiteClock "0:00:10"]
[BlackClock "0:00:42"]
[Board "17"]

1. c4 d6 2. Nc3 g6 3. d4 Bg7 4. Nf3 Nc6 5. d5 Ne5 6. Nxe5 Bxe5 7. e4 e6 8. Bd3 Nf6 9. h3 O-O 10. O-O c5 11. Bh6 Re8 12. Qd2 exd5 13. exd5 Nh5 14. Rae1 Bxh3 15. gxh3 Qh4 16. Rxe5 Rxe5 17. Kh2 Rae8 18. Rg1 a6 19. Bg5 Qd4 20. Rg4 f6 21. Rxd4 cxd4 22. Ne4 fxg5 23. Nxg5 Rf8 24. Ne6 Rf3 25. Kg2 Rxd3 26. Qxd3 Rxe6 27. Qxd4 Rf6 28. Qb6 Nf4+ 29. Kf1 Nxh3 30. Qd8+ Rf8 31. Qxd6 Nxf2 32. Qe6+ Kg7 33. d6 Nd3+ 34. Kg1 Nf4 35. Qe5+ Kh6 36. d7 Nh3+ 37. Kh2 Ng5 38. Qe7 Rf2+ 39. Kg1 Rd2 40. Kf1 Nf3 41. Qf8+ Kg5 42. d8=Q+ Rxd8 43. Qxd8+ Kg4 44. Qd7+ Kg3 45. Qc7+ Kg4 46. Qxb7 h5 47. Qe4+ Kg3 48. Qxg6+ Kh4 49. Qf6+ Kg4 50. Kf2 Ng5 51. Qg6 h4 52. c5 h3 53. c6 h2 54. Kg2 1-0


[Site "https://www.chess.com"]

[Event "Titled Tuesday Blitz June 13 Early 2023"]
[White "Vakhlamov, Igor L."]
[Black "Shimanov, Aleksandr"]
[WhiteFideId "24126748"]
[BlackFideId "4198603"]
[WhiteElo "2407"]
[BlackElo "2631"]
[Result "1-0"]
[Round "6"]
[TimeControl "180+2"]
[Date "2023.06.13"]
[WhiteClock "0:00:16"]
[BlackClock "0:00:00"]
[Board "18"]

1. e4 e6 2. d4 d5 3. Nc3 a6 4. Bd3 c5 5. dxc5 Bxc5 6. Nf3 Ne7 7. O-O d4 8. Ne2 Nbc6 9. e5 Ng6 10. Bf4 O-O 11. Re1 b5 12. Bg3 Bb7 13. h4 h6 14. a3 Qd7 15. Qd2 Rfd8 16. Rad1 Nce7 17. h5 Nf8 18. Qf4 Nf5 19. Bxf5 exf5 20. Bh4 Bxf3 21. Qxf3 Re8 22. Ng3 f4 23. Qxf4 Ne6 24. Qg4 Kh8 25. Nf5 Bf8 26. Nxd4 Qc7 27. c3 Rac8 28. Nf5 Qc6 29. Kh2 Qc5 30. Rd3 Rc7 31. Rg3 Qc4 32. Re4 Qd3 33. Bf6 Ng5 34. Rxd3 1-0


[Site "https://www.chess.com"]

[Event "Titled Tuesday Blitz June 13 Early 2023"]
[White "Sviridov, Valery"]
[Black "Ilamparthi A R"]
[WhiteFideId "4120680"]
[BlackFideId "45015775"]
[WhiteElo "2457"]
[BlackElo "2348"]
[Result "0-1"]
[Round "6"]
[TimeControl "180+2"]
[Date "2023.06.13"]
[WhiteClock "0:00:38"]
[BlackClock "0:00:21"]
[Board "19"]

1. d4 Nf6 2. Nf3 g6 3. c4 Bg7 4. g3 O-O 5. Bg2 d6 6. O-O c5 7. Nc3 Nc6 8. dxc5 dxc5 9. Bf4 Nh5 10. Be3 b6 11. Qc1 Bb7 12. Rd1 Qe8 13. Nd5 Rd8 14. Bh6 e6 15. Bxg7 Kxg7 16. Qc3+ f6 17. Ne3 e5 18. Rxd8 Qxd8 19. Qa3 e4 20. Rd1 Qc7 21. Nd5 Qf7 22. Nd2 f5 23. Qc3+ Nf6 24. f3 Nd4 25. Re1 Bxd5 26. cxd5 Nxd5 27. Qc4 e3 28. Nb3 Nb4 29. Qxf7+ Kxf7 30. Nxd4 cxd4 31. a3 Nc2 32. Rd1 Rc8 33. Kf1 Ke6 34. f4 a5 35. Bf3 b5 36. Bb7 Rc7 37. Ba6 Rc5 38. Bb7 b4 39. axb4 axb4 40. Rc1 Kd6 41. Ba6 b3 42. Rd1 Kc6 43. Bc8 Kd6 44. Ba6 Kc7 45. Bd3 Kb6 46. Rc1 Nb4 47. Rd1 Rc2 48. Bxc2 bxc2 49. Rc1 Kc5 50. b3 Kd5 51. Ke1 d3 0-1


[Site "https://www.chess.com"]

[Event "Titled Tuesday Blitz June 13 Early 2023"]
[White "Atakhan, Abtin"]
[Black "Henriquez Villagra, Cristobal"]
[WhiteFideId "22502203"]
[BlackFideId "3409350"]
[WhiteElo "2008"]
[BlackElo "2542"]
[Result "1-0"]
[Round "6"]
[TimeControl "180+2"]
[Date "2023.06.13"]
[WhiteClock "0:00:12"]
[BlackClock "0:00:16"]
[Board "20"]

1. d4 d6 2. Nf3 Nf6 3. c4 g6 4. Nc3 Bg7 5. e4 O-O 6. Be2 Na6 7. O-O e5 8. Be3 Qe7 9. Nd5 Qd8 10. Bg5 c6 11. Nxf6+ Bxf6 12. Bxf6 Qxf6 13. c5 exd4 14. Bxa6 bxa6 15. cxd6 c5 16. e5 Qd8 17. Rc1 Qb6 18. Qc2 Bd7 19. Qxc5 Qxb2 20. Qxd4 Qxa2 21. Qf4 Rac8 22. Qh6 f6 23. Rxc8 Bxc8 24. exf6 Rxf6 25. Ng5 Rxd6 26. Qxh7+ Kf8 27. Qc7 Qd5 28. Qxc8+ Kg7 29. h4 Rd7 30. Re1 a5 31. Ne6+ Kf6 32. Qh8+ Kf5 33. Qh6 Kf6 34. Qf8+ Rf7 35. Qh8+ Kf5 36. Nd4+ Kg4 37. Re4+ Rf4 38. f3+ 1-0


[Site "https://www.chess.com"]

[Event "Titled Tuesday Blitz June 13 Early 2023"]
[White "Gadimbayli, Abdulla"]
[Black "Bok, Benjamin"]
[WhiteFideId "13404938"]
[BlackFideId "1017063"]
[WhiteElo "2386"]
[BlackElo "2657"]
[Result "0-1"]
[Round "6"]
[TimeControl "180+2"]
[Date "2023.06.13"]
[WhiteClock "0:00:03"]
[BlackClock "0:00:03"]
[Board "21"]

1. e4 c5 2. Nf3 d6 3. d4 cxd4 4. Nxd4 Nf6 5. Nc3 a6 6. g3 e5 7. Nf3 Be7 8. Bg2 O-O 9. O-O Be6 10. Nh4 g6 11. Bh6 Re8 12. h3 b5 13. a3 Nbd7 14. Qd2 Nh5 15. Nf3 Nb6 16. Rad1 Rc8 17. Qc1 Qc7 18. Kh2 Nc4 19. Ng5 Nxb2 20. Nxb5 Qxc2 21. Qxc2 Rxc2 22. Nxd6 Nxd1 23. Nxe8 Bxg5 24. Bxg5 Nxf2 25. g4 Nf4 26. Bxf4 exf4 27. Kg1 Nd3 28. g5 h6 29. h4 hxg5 30. hxg5 Rc1 31. Rxc1 Nxc1 32. Bf1 a5 33. Kf2 Nb3 34. Nc7 Kf8 35. e5 Ke7 36. Nxe6 fxe6 37. Bd3 Nd4 38. Bxg6 Nc6 39. Be4 Nxe5 40. Ke2 Nf7 41. g6 Nd6 42. Kf3 e5 43. Bc2 Kf6 44. Bb1 Nc4 45. Bd3 Nxa3 46. Ke4 a4 47. Kf3 Kg7 48. Kg4 Nc4 49. Bxc4 a3 50. Ba2 Kxg6 51. Kf3 Kf5 52. Bb1+ Ke6 53. Ke4 Kd6 54. Ba2 Kc5 55. Be6 Kb4 56. Kd3 f3 57. Bd5 Kc5 58. Ba2 e4+ 59. Ke3 Kb4 60. Bd5 Kc3 61. Bxe4 a2 0-1


[Site "https://www.chess.com"]

[Event "Titled Tuesday Blitz June 13 Early 2023"]
[White "Madaminov, Mukhiddin"]
[Black "Albornoz Cabrera, Carlos Daniel"]
[WhiteFideId "14210703"]
[BlackFideId "3518736"]
[WhiteElo "2511"]
[BlackElo "2540"]
[Result "1-0"]
[Round "6"]
[TimeControl "180+2"]
[Date "2023.06.13"]
[WhiteClock "0:00:10"]
[BlackClock "0:00:08"]
[Board "22"]

1. d4 Nf6 2. Nc3 d5 3. Bf4 e6 4. Nb5 Na6 5. e3 c6 6. Nc3 Qb6 7. a3 c5 8. dxc5 Bxc5 9. Nf3 Bd7 10. b4 Bd6 11. Qd4 Qxd4 12. Nxd4 Bxf4 13. exf4 Nc7 14. Bd3 O-O 15. Kd2 Rfc8 16. Rhe1 g6 17. Nf3 Nce8 18. Ne5 Nd6 19. f3 Be8 20. g4 Nd7 21. Ne2 Nb6 22. g5 Bb5 23. Nd4 Nbc4+ 24. Bxc4 Nxc4+ 25. Nxc4 Bxc4 26. a4 Kg7 27. a5 h6 28. h4 hxg5 29. hxg5 Rh8 30. Rh1 Rh5 31. Rxh5 gxh5 32. Ke3 h4 33. Rh1 Rh8 34. c3 b6 35. f5 e5 36. Nc6 f6 37. Rg1 h3 38. gxf6+ Kxf6 39. Rg6+ Kf7 40. Nxe5+ Ke7 41. f6+ Ke6 42. f7+ Kf5 43. Rh6 Rf8 44. Rh5+ Ke6 45. Kd4 Bf1 46. Rh6+ Kf5 47. axb6 axb6 48. Ng4 Kf4 49. Rf6+ Kg3 50. Ne5 h2 51. Rg6+ Kh3 52. Ng4 Rxf7 53. Rh6+ Kg3 54. Nxh2 Rf4+ 55. Ke3 Rf6 56. Nxf1+ Kg2 57. Rxf6 d4+ 58. cxd4 b5 59. Rb6 Kg1 60. Rxb5 Kg2 61. Rg5+ Kh1 62. Nd2 Kh2 63. f4 Kh1 64. b5 Kh2 65. b6 Kh1 66. b7 Kh2 67. b8=Q Kh1 68. Qh8# 1-0


[Site "https://www.chess.com"]

[Event "Titled Tuesday Blitz June 13 Early 2023"]
[White "Priasmoro, Novendra"]
[Black "Sjugirov, Sanan"]
[WhiteFideId "7105029"]
[BlackFideId "4189302"]
[WhiteElo "2412"]
[BlackElo "2569"]
[Result "0-1"]
[Round "6"]
[TimeControl "180+2"]
[Date "2023.06.13"]
[WhiteClock "0:00:03"]
[BlackClock "0:00:04"]
[Board "23"]

1. e4 c5 2. Nf3 d6 3. d4 cxd4 4. Nxd4 Nf6 5. Nc3 a6 6. g3 e5 7. Nde2 Be7 8. Bg2 O-O 9. O-O b5 10. Nd5 Nxd5 11. Qxd5 Ra7 12. Be3 Be6 13. Qd2 Rb7 14. f4 f6 15. Nc3 Nd7 16. Nd5 Re8 17. Rad1 Bf8 18. f5 Bf7 19. g4 h6 20. h4 b4 21. g5 hxg5 22. hxg5 fxg5 23. Bxg5 Qa5 24. Rf3 Bxd5 25. exd5 Nf6 26. Rg3 Rf7 27. Kh1 Qxa2 28. Qxb4 Rc8 29. Ra3 Qc4 30. Qxc4 Rxc4 31. c3 Nh5 32. Bh3 Be7 33. Bxe7 Rxe7 34. Rxa6 Rh4 35. Rxd6 Rxh3+ 36. Kg1 Re8 37. Re6 Rb8 38. d6 Nf6 39. d7 Rd8 40. Rxe5 Rxd7 41. Rxd7 Nxd7 42. Ra5 Rd3 43. Kf2 Kf7 44. Ke2 Rd6 45. b4 Rc6 46. Kd3 Rd6+ 47. Ke4 Rd1 48. c4 Nf6+ 49. Ke5 Ng4+ 50. Kf4 Rd4+ 51. Kg5 Rxc4 52. Ra7+ Kf8 53. Ra8+ Kf7 54. Ra7+ Kg8 55. b5 Nf6 56. Ra8+ Kh7 57. Rh8+ Kxh8 58. Kg6 Kg8 0-1


[Site "https://www.chess.com"]

[Event "Titled Tuesday Blitz June 13 Early 2023"]
[White "Quintiliano Pinto, Renato R."]
[Black "Kevlishvili, Robby"]
[WhiteFideId "2117568"]
[BlackFideId "1040634"]
[WhiteElo "2459"]
[BlackElo "2572"]
[Result "0-1"]
[Round "6"]
[TimeControl "180+2"]
[Date "2023.06.13"]
[WhiteClock "0:00:00"]
[BlackClock "0:00:45"]
[Board "24"]

1. d4 Nf6 2. c4 g6 3. Nc3 Bg7 4. e4 d6 5. Nf3 O-O 6. Be2 Na6 7. O-O e5 8. Be3 Ng4 9. Bg5 Qe8 10. Re1 exd4 11. Nxd4 Qe5 12. Nf3 Qc5 13. Bh4 Bxc3 14. bxc3 Re8 15. h3 Ne5 16. Qd2 Nxf3+ 17. Bxf3 Qe5 18. Bg3 Qf6 19. Qd4 Qxd4 20. cxd4 Be6 21. d5 Bd7 22. e5 dxe5 23. Bxe5 Rac8 24. Rab1 Nc5 25. Bd4 Rxe1+ 26. Rxe1 b6 27. Re7 Rd8 28. Bf6 Re8 29. Rxe8+ Bxe8 30. Bd8 Na6 31. Be2 c5 32. a3 Kf8 33. Bf3 Bd7 34. d6 Ke8 35. Bf6 Nb8 36. Bb7 Be6 37. Be4 Bxc4 38. Be5 Kd7 0-1


[Site "https://www.chess.com"]